Map: Acropolis LE

Players

pHARM - Winner!

  • Race: Zerg Zerg
  • League: Platinum
  • Spawn Location: 5:00

DeathConn

  • Race: Zerg Zerg
  • Spawn Location: 11:00

VOD

Have the link to the VOD?

Description

Time

  • Played on: Aug. 31, 2019, 1:56 a.m.
  • Length: 11:27
Show
View Real Time Build Order
Export as new Build Order

pHARM Zerg - Winner!

Build Orders: Hatch First 

Get SALT Encoding   

  12  0:01  Drone  
  13  0:13  Overlord  
  13  0:16  Drone  
  14  0:31  Drone x2  
  16  0:49  Hatchery  
  15  0:52  Drone  
  15  0:55  Drone  
  17  1:00  Drone  
  18  1:17  Spawning Pool  
  17  1:26  Drone x2  
  17  1:30  Drone  
  20  1:39  Extractor  
  19  1:41  Drone  
  20  2:00  Overlord  
  20  2:08  Queen  
  20  2:09  Queen  
  20  2:13  Drone x4  
  28  2:23  Drone  
  28  2:24  Drone  
  30  2:34  Drone  
  30  2:35  Drone  
  32  2:48  Metabolic Boost  
  32  2:58  Drone  
  32  2:59  Drone x3  
  36  3:08  Overlord x2  
  36  3:27  Lair  
  36  3:28  Drone x6  
  42  3:45  Evolution Chamber, Queen  
  42  3:47  Evolution Chamber, Roach Warren  
  41  3:48  Drone x2  
  41  3:49  Drone x2  
  41  3:53  Extractor  
  41  3:54  Extractor  
  43  3:55  Overlord  
  43  4:12  Zerg Missile Weapons Level 1  
  43  4:16  Drone x2  
  43  4:17  Drone x3  
  48  4:26  Glial Reconstitution  
  48  4:41  Hatchery  
  48  4:45  Roach x6  
  59  4:48  Overlord x2  
  59  5:06  Roach  
  65  5:07  Roach x2  
  65  5:24  Roach x5  
  75  5:44  Overlord x3  
  75  6:03  Roach x8  
  89  6:12  Drone  
  90  6:20  Zerg Missile Weapons Level 2  
  90  6:21  Zerg Ground Armor Level 1  
  90  6:24  Drone x5  
  87  6:49  Drone x9  
  74  7:16  Drone  
  74  7:17  Drone, Roach x2  
  74  7:18  Roach x8  
  86  7:26  Extractor  
  86  7:28  Extractor  
  82  7:37  Roach x5  
  82  7:38  Roach  
  82  7:39  Infestation Pit, Extractor  
  92  7:58  Drone x6  
  93  8:02  Overseer x2  
  98  8:17  Hydralisk Den, Hive  
  97  8:21  Overlord x2  
  97  8:22  Overlord x2  
  97  8:40  Roach x12  
  121  8:50  Drone  
  122  8:56  Zerg Ground Armor Level 2  
  122  9:00  Grooved Spines  
  122  9:03  Spire  
  122  9:09  Roach  
  129  9:10  Roach x3  
  129  9:11  Overlord  
  129  9:12  Overlord x11  
  129  9:19  Drone  
  130  9:27  Hatchery  
  129  9:34  Hydralisk  
  129  9:35  Hydralisk x4  
  139  9:53  Hydralisk x8  
  156  10:00  Drone x4  
  159  10:11  Muscular Augments  
  159  10:18  Hydralisk x7  
  173  10:45  Hydralisk  
  173  10:46  Hydralisk x9  
Show
View Real Time Build Order
Export as new Build Order

DeathConn Zerg 

Build Orders: Hatch First 

Get SALT Encoding   

  12  0:00  Drone  
  13  0:13  Overlord  
  13  0:20  Drone  
  14  0:23  Drone, Extractor  
  15  0:32  Drone  
  16  0:35  Drone  
  17  0:54  Hatchery  
  16  0:57  Drone  
  16  1:03  Drone  
  18  1:13  Extractor  
  17  1:19  Spawning Pool  
  17  1:20  Drone  
  17  1:22  Drone  
  18  1:29  Drone  
  19  1:43  Drone  
  20  1:50  Overlord  
  20  2:02  Drone  
  20  2:07  Queen  
  20  2:08  Queen  
  25  2:09  Drone  
  25  2:14  Metabolic Boost  
  26  2:16  Drone  
  26  2:17  Drone  
  28  2:24  Drone  
  28  2:29  Drone  
  30  2:33  Overlord  
  30  2:39  Drone  
  31  2:47  Drone, Roach Warren  
  31  2:53  Drone  
  31  2:55  Evolution Chamber, Drone  
  32  3:03  Queen  
  32  3:04  Drone  
  35  3:07  Lair  
  35  3:10  Drone  
  35  3:12  Drone  
  37  3:19  Overlord  
  37  3:21  Drone x2  
  39  3:29  Zerg Missile Weapons Level 1  
  39  3:30  Drone x2  
  39  3:33  Extractor  
  40  3:35  Drone  
  41  3:44  Extractor  
  41  3:45  Queen  
  41  3:47  Roach  
  41  3:48  Roach  
  46  3:50  Drone x2  
  48  3:58  Drone  
  48  3:59  Drone x3  
  48  4:02  Overlord  
  52  4:14  Glial Reconstitution  
  52  4:22  Roach x2  
  56  4:28  Hatchery  
  56  4:30  Zergling x2  
  56  4:37  Overlord, Roach x2  
  60  4:42  Overlord  
  60  4:57  Ravager x3  
  63  5:00  Roach x2  
  63  5:04  Drone x4  
  71  5:14  Roach x2  
  75  5:23  Zerg Missile Weapons Level 2  
  75  5:34  Zergling x2  
  75  5:35  Overlord x4  
  76  5:36  Overlord  
  76  5:44  Infestation Pit  
  74  5:53  Roach  
  74  5:54  Roach x3  
  80  6:04  Drone x5  
  80  6:05  Drone x2  
  80  6:10  Extractor  
  77  6:28  Roach x3  
  77  6:29  Roach x4  
  88  6:39  Roach x2  
  89  6:40  Roach x4  
  89  6:54  Roach x4  
  85  7:08  Roach x3  
  79  7:14  Roach x3  
  78  7:24  Drone x3  
  81  7:35  Roach x3  
  87  7:43  Ravager  
  88  7:45  Ravager  
  88  7:47  Ravager  
  90  7:51  Hydralisk Den  
  90  7:54  Zergling x4  
  91  8:00  Drone  
  91  8:01  Drone x3  
  95  8:11  Roach  
  95  8:12  Roach x4  
  105  8:13  Hatchery  
  104  8:23  Roach x3  
  110  8:37  Drone x6  
  106  8:49  Drone  
  106  8:50  Drone x7  
  106  8:53  Extractor  
  113  8:56  Extractor  
  113  8:59  Grooved Spines  
  113  9:01  Hydralisk  
  114  9:03  Lurker Den  
  113  9:18  Hydralisk  
  113  9:19  Hydralisk x3  
  113  9:22  Hatchery  
  120  9:47  Hydralisk x4  
  120  9:48  Pneumatized Carapace  
  120  9:49  Overlord x5  
  120  9:50  Overlord x3  
  128  9:56  Hive  
  128  10:10  Muscular Augments  
  128  10:21  Hydralisk x2  
  128  10:22  Hydralisk x4  
  140  10:35  Lurker x3  
  143  10:38  Drone x2  
  143  10:42  Drone  
  146  10:43  Drone x5  
  146  10:49  Overlord x2  
  151  10:55  Extractor  
  151  10:57  Extractor  
  149  11:08  Extractor  
  136  11:12  Extractor  
Tags
 
League
Platinum
Matchup
ZvZ
Race
Zerg
Replay Pack
10.7.19
Spawn Locations
Cross Positions
Add a new tag
Caveats
  • Supply blocks, unpowered buildings, or Contaminate may cause inaccurate times.
  • Supply counts are checked every 10 seconds.